 Dungeon Crawl Stone Soup version 0.19.4-8-ga85b6b9 (console) character file.

19 Grinner the Ducker (level 2, -1/14 HPs)
             Began as a Spriggan Transmuter on Feb 13, 2017.
             Slain by an adder (2 damage)
             ... on level 1 of the Dungeon.
             The game lasted 00:02:48 (1167 turns).

Grinner the Ducker (Spriggan Transmuter)            Turns: 1167, Time: 00:02:49

Health: -1/14      AC:  2    Str:  6    XL:     2   Next: 55%
Magic:  5/6        EV: 19    Int: 14    God:
Gold:   7          SH:  0    Dex: 16    Spells: 1 memorised, 5 levels left

rFire  . . .     SeeInvis +       - Unarmed
rCold  . . .     Gourm    .     b - +0 robe
rNeg   . . .     Faith    .     (shield restricted)
rPois  .         Spirit   .     (helmet restricted)
rElec  .         Reflect  .     (no cloak)
rCorr  .         Harm     .     (gloves unavailable)
MR     .....                    (boots unavailable)
Stlth  +.........               (no amulet)
                                (no ring)
                                (no ring)

@: lethally poisoned (-1 -> -7), appendage, very quick
A: unfitting armour, talons 3, see invisible, herbivore 3, speed 3, slow
metabolism 2
a: End Transformation


You were on level 1 of the Dungeon.
You were not hungry.
You had grown temporary talons.
You visited 1 branch of the dungeon, and saw 2 of its levels.

You collected 7 gold pieces.

Inventory:

Missiles
 a - 12 arrows
Armour
 b - a +0 robe (worn)
Scrolls
 e - a scroll of magic mapping {unknown}
Potions
 f - a potion of agility
Books
 c - a book of Changes

   Spells                             Type                      Level
   a - Beastly Appendage              Transmutation                1
   b - Sticks to Snakes               Transmutation                2
   c - Spider Form                    Transmutation/Poison         3
   d - Ice Form                       Ice/Transmutation            4
   e - Blade Hands                    Transmutation                5
Comestibles
 d - 3 bread rations


   Skills:
 - Level 0.7 Fighting
 * Level 3.9 Dodging
 * Level 2.6 Unarmed Combat
 + Level 2.8 Spellcasting
 + Level 3.0 Transmutations


You had 5 spell levels left.
You knew the following spells:

 Your Spells              Type           Power        Failure   Level  Hunger
z - Beastly Appendage     Tmut           ##....       10%         1    #......


Dungeon Overview and Level Annotations

Branches:
Dungeon (2/15)

Altars:

Annotations:
D:2 Terence


Innate Abilities, Weirdness & Mutations

You are very small and have problems with some larger weapons.
You are too small for most types of armour.
You have supernaturally acute eyesight. (SInv)
You are a herbivore.
You cover ground extremely quickly.
You need consume almost no food.
You have claws for feet.


Message History

The adder is severely wounded.
The adder bites you.
You are poisoned.
The adder poisons you!
You miss the adder. Your kick misses the adder.
The adder is severely wounded.
You feel sick. The adder bites you.
* * * LOW HITPOINT WARNING * * *
The adder misses you.
Okay, then.
You completely miss the adder.
The adder is heavily wounded.
The adder completely misses you.
You miss the adder.
The adder is heavily wounded.
The adder misses you.
You closely miss the adder.
The adder is heavily wounded.
The adder bites you.
You die...

#..........#.................
#.................######.###.
#..........#.###### ####.###.
#..........#.# #......#.
#..........#.########........
#......##..#...............##
#..........#.########..)...##
######.##..S.......##.#......
#........@)...............
#..........####.####...### ###
#..........####.####...### #.#
#..........##.....##...##.
###.####......................#..
.................#.......##...'..
###.####.........#.......##...'..
#.# ##..#####.#.......##...#..
#.# #.......#.....######...##.


You could see an adder.

Vanquished Creatures
  A dart slug (D:1)
  A worm (D:2)
  3 giant cockroaches (D:1)
  A goblin (D:1)
  3 hobgoblins
  3 bats
  3 rats (D:1)
15 creatures vanquished.

Notes
Turn   | Place    | Note
-------+----------+-------------------------------------------
     0 | D:1      | Grinner the Spriggan Transmuter began the quest for the Orb.
     0 | D:1      | Reached XP level 1. HP: 9/9 MP: 5/5
   174 | D:1      | Reached XP level 2. HP: 13/14 MP: 3/6
   991 | D:2      | Noticed Terence
  1167 | D:1      | Slain by an adder

Skill      XL: |  1  2 |
---------------+-------+-----
Transmutations | 3 |  3.0
Fighting       | |  0.7
Dodging        | |  3.9
Unarmed Combat | |  2.6
Spellcasting   | |  2.8

Action                   || total
-------------------------++-------
Melee: Unarmed           ||    70
       Kick              ||     6
       Headbutt          ||     5
 Cast: Beastly Appendage ||    16
  Use: Potion            ||     1
 Stab: Sleeping          ||     3
Armor: Robe              ||     8
Dodge: Dodged            ||    47
